 Dungeon Crawl Stone Soup version 0.27.0-1-g7a089689b8 (webtiles) character file.

Game seed: 5981759255927345370

69 Anothat the Ducker (level 4, 0/31 HPs)
             Began as a Djinni Fire Elementalist on Aug 8, 2021.
             Slain by a wight (12 damage)
             ... on level 3 of the Dungeon.
             The game lasted 00:04:16 (2580 turns).

Anothat the Ducker (Djinni Fire Elementalist)       Turns: 2580, Time: 00:04:16

Health: 0/31       AC:  4    Str:  7    XL:     4   Next: 42%
Gold:   91         EV: 13    Int: 18    God:
                   SH:  0    Dex: 13

rFire    + + .     SeeInvis .   l - +0 short sword (protect)
rCold    x . .     Faith    .   (no shield)
rNeg     . . .     Spirit   .   a - +0 robe
rPois    ∞         Reflect  .   b - +0 helmet
rElec    .         Harm     .   (no cloak)
rCorr    .         Rampage  .   i - +0 pair of gloves
Will     .....                  (boots unavailable)
Stlth    ++........             (no amulet)
HPRegen  0.10/turn              (no ring)
MPRegen  0.00/turn              (no ring)

@: flying
A: sickness immunity, fire resistance 2, cold vulnerability 1, float, innate
caster, hp casting, extra vitality 1
a: no special abilities


You were on level 3 of the Dungeon.
You visited 1 branch of the dungeon, and saw 3 of its levels.

You collected 91 gold pieces.

Inventory:

Hand Weapons
 c - a +0 mace
 l - a +0 short sword of protection (weapon)
Armour
 a - a +0 robe (worn)
 b - a +0 helmet (worn)
 i - a +0 pair of gloves (worn)
Scrolls
 d - a scroll of fear {unknown}
 e - a scroll of brand weapon {unknown}
 h - a scroll of identify {unknown}
 k - a scroll of vulnerability {unknown}
 m - a scroll of amnesia {unknown}
Potions
 f - 2 potions of degeneration {unknown}
 g - a potion of cancellation {unknown}
 j - a potion of attraction {unknown}


   Skills:
 + Level 3.2 Dodging
 + Level 2.5 Stealth
 + Level 2.9 Spellcasting


You couldn't memorise any spells.
You knew the following spells:

 Your Spells              Type           Power      Damage    Failure   Level
a - Foxfire               Conj/Fire      52%        2x1d6     4%          1
b - Conjure Flame         Conj/Fire      13%        6-21      14%         3
c - Inner Flame           Hex/Fire       13%        N/A       14%         3
d - Sticky Flame          Conj/Fire      13%        2d4       43%         4
e - Fireball              Conj/Fire      6%         3d5       80%         5
f - Sandblast             Erth           26%        2d8       4%          1
Your spell library was empty.

Dungeon Overview and Level Annotations

Branches:
Dungeon (3/15)

Altars:

Shops:
D:2 (   D:3 [


Innate Abilities, Weirdness & Mutations

You are immune to sickness and miasma.
You are immune to poison.
Your flesh is very heat resistant. (rF++)
You are vulnerable to cold. (rC-)
You float through the air rather than walking.
You learn spells naturally, not from books.
Your magical power is your life essence.
You have superior vitality. (+4 HP)


Message History

Casting: Foxfire (safe; 4% risk of failure)
Confirm with . or Enter, or press ? or * to list all spells.
You conjure some foxfire!
The foxfire hits the wight but does no damage. x2
Casting: Foxfire (safe; 4% risk of failure)
Confirm with . or Enter, or press ? or * to list all spells.
You conjure some foxfire!
The foxfire hits the wight but does no damage.
The foxfire hits the wight.
The wight is lightly damaged.
The foxfire hits the wight but does no damage.
The wight is lightly damaged.
Casting: Foxfire (safe; 4% risk of failure)
Confirm with . or Enter, or press ? or * to list all spells.
You conjure some foxfire!
The foxfire hits the wight.
The wight is moderately damaged.
Casting: Foxfire (safe; 4% risk of failure)
Confirm with . or Enter, or press ? or * to list all spells.
You conjure some foxfire!
The foxfire hits the wight but does no damage.
The wight is moderately damaged.
The foxfire hits the wight but does no damage.
The wight is moderately damaged.
You barely miss the wight.
The wight is moderately damaged.
The foxfire hits the wight but does no damage.
The wight is moderately damaged.
The foxfire hits the wight but does no damage.
The wight is moderately damaged.
The wight hits you with a +5 short sword!
The wight misses you.
Your magical contamination has completely faded away.
You barely miss the wight.
The wight is moderately damaged.
The wight barely misses you.
Casting: Foxfire (safe; 4% risk of failure)
Confirm with . or Enter, or press ? or * to list all spells.
You conjure some foxfire!
The wight hits you with a +5 short sword!
You die...

#########
........#######
.!............
....#.......#..
.#....v.#......
. ....§#z@...#
# #..v.#....# #
#...#...# ).#..
### ..#..#.)#
#.. .. #
#.#.#.# .# #
#.##.## # # . !
# # ###


You could see a wight (ally target).

Vanquished Creatures
  4 adders
  An orc (D:3)
  2 bats
  An endoplasm (D:3)
  A giant cockroach (D:3)
  A goblin (D:2)
  6 hobgoblins
  6 kobolds
  2 quokkas
  3 ball pythons
  A frilled lizard (D:1)
  2 rats
30 creatures vanquished.

Vanquished Creatures (collateral kills)
  2 foxfires (D:2)
2 creatures vanquished.

Vanquished Creatures (others)
  93 foxfires
  5 plants (D:2)
  8 withered plants (D:2)
106 creatures vanquished.

Grand Total: 138 creatures vanquished

Notes
Turn   | Place    | Note
-------+----------+-------------------------------------------
     0 | D:1      | Anothat the Djinni Fire Elementalist began the quest for
                  | the Orb.
     0 | D:1      | Reached XP level 1. HP: 15/15 MP: 0/0
   561 | D:1      | Reached XP level 2. HP: 11/21 MP: 0/0
  1410 | D:2      | Reached XP level 3. HP: 18/25 MP: 0/0
  1410 | D:2      | Learned a level 1 spell: Sandblast
  1511 | D:2      | Found Immo's Weapon Shop.
  2101 | D:2      | Reached skill level 3 in Dodging
  2217 | D:2      | Found a faded altar of an unknown god.
  2441 | D:3      | Reached XP level 4. HP: 28/31 MP: 0/0
  2566 | D:3      | Found Gocwiace's Antique Armour Boutique.
  2580 | D:3      | Slain by a wight

Illustrated notes

Levels and vault maps discovered:
D:1:      lightli_arrival_maybe_door_vault, layout_rooms, minmay_misc_feat_five,
          kennysheep_minor_cross, corexii_item_surrounded_by_moat,
          minmay_quantized
D:2:      minmay_general_purpose_star, layout_basic,
          shapermc_ecumenical_altar_flowoftime, serial_shops, shop_statue
D:3:      cheibrodos_fertilizer, layout_rooms, gammafunk_ghost_icy,
          serial_shops, shop, nicolae_diamond_shop, minmay_increasing_density,
          uniq_crazy_yiuf_cottage

Skill      XL: |  1  2  3 |
---------------+----------+-----
Stealth        | 2 |  2.5
Dodging        | 3 |  3.2
Spellcasting   | |  2.9

Action                   |  1- 3 |  4- 6 || total
-------------------------+-------+-------++-------
Melee: Mace              |     6 |       ||     6
       Unarmed           |     1 |       ||     1
       Short sword       |     6 |     3 ||     9
 Cast: Foxfire           |    45 |    17 ||    62
Armor: Robe              |    12 |       ||    12
Dodge: Dodged            |    28 |     3 ||    31
